 Dungeon Crawl Stone Soup version 0.29.1-15-g9cfb28693d (webtiles) character file.

Game seed: 9250340678725056144

49 QBF the Firebug (level 3, 0/19 HPs)
             Began as a Gargoyle Fire Elementalist on Apr 18, 2023.
             Was an Initiate of Gozag.
             Slain by a hobgoblin (2 damage)
             ... on level 2 of the Dungeon.
             The game lasted 00:15:48 (1380 turns).

QBF the Firebug (Gargoyle Fire Elementalist)        Turns: 1380, Time: 00:15:49

Health: 0/19       AC:  6    Str: 11    XL:     3   Next: 75%
Magic:  1/6        EV: 12    Int: 17    God:    Gozag
Gold:   119        SH:  0    Dex: 10    Spells: 4/7 levels left

rFire   . . .      SeeInvis .   c - +0 dagger
rCold   . . .      Faith    .   (no shield)
rNeg    + . .      Spirit   .   a - +0 robe
rPois   ∞          Reflect  .   (no helmet)
rElec   +          Harm     .   (no cloak)
rCorr   .          Rampage  .   e - +0 pair of gloves
Will    .....                   (no boots)
Stlth   ++........              (no amulet)
HPRegen 0.06/turn               (no ring)
MPRegen 0.10/turn               (no ring)

@: weak-willed
A: sickness immunity, AC +3, negative energy resistance 1, electricity
resistance, torment resistance 1, petrification resistance
a: Renounce Religion, Potion Petition, Call Merchant, Bribe Branch


You were on level 2 of the Dungeon.
You worshipped Gozag.
Gozag was aware of your devotion.
You visited 1 branch of the dungeon, and saw 2 of its levels.

You collected 119 gold pieces.

Inventory:

Hand Weapons
 c - a +0 dagger (weapon)
Armour
 a - a +0 robe (worn)
 e - a +0 pair of gloves (worn)
Scrolls
 i - a scroll of magic mapping {unknown}


   Skills:
 - Level 1.6 Dodging
 + Level 2.3 Stealth
 + Level 2.6 Spellcasting
 + Level 1.2 Conjurations
 * Level 4.0 Fire Magic


You had 4 spell levels left.
You knew the following spells:

 Your Spells              Type           Power      Damage    Failure   Level
a - Foxfire               Conj/Fire      44%        2x1d6     6%          1
b - Scorch                Fire           30%        2d6       5%          2

Your spell library contained the following spells:

 Spells                   Type           Power      Damage    Failure   Level
 Conjure Flame            Conj/Fire      11%        6-21      19%         3
 Inner Flame              Hex/Fire       9%         N/A       24%         3
 Flame Wave               Conj/Fire      11%        2d6       52%         4


Dungeon Overview and Level Annotations

Branches:
Dungeon (2/15)

Altars:
Gozag


Innate Abilities, Weirdness & Mutations

You are immune to sickness and miasma.
Your stone body is resilient. (AC +3)
You are immune to poison.
You resist negative energy. (rN+)
You are resistant to electric shocks. (rElec)
You are resistant to unholy torment.
You are immune to petrification.


Message History

You hit the worm but do no damage.
The worm is severely wounded.
As you read the scroll labelled KOXTUI VEATWIE, it crumbles to dust.
It is a scroll of identify.
f - a scroll of vulnerability The worm bites you but does no damage.
As you read the scroll of vulnerability, it crumbles to dust.
Magic quickly surges around you.
A giant cockroach comes into view.
The worm closely misses you.
Casting: Foxfire (safe; 6% risk of failure)
Press: ? - help, Q - select action, (/) - cycle Dir - look around, f - activate You conjure some foxfire!
You hit the worm.
The worm is heavily wounded.
The foxfire hits the worm.
The worm is severely wounded.
The worm bites you.
* * * LOW HITPOINT WARNING * * *
As you read the scroll labelled KOHOX NEBA, it crumbles to dust.
You assume a fearsome visage.
The giant cockroach looks frightened!
The worm looks frightened!
The rat looks frightened!
The endoplasm looks frightened!
It was a scroll of fear.
Your foxfire dissipates!
As you read the scroll labelled BUL QALAXTE, it crumbles to dust.
You hear a loud clanging noise!
It was a scroll of noise.
You hear an angry hiss.
You hear a shout!
You hear an angry hiss.
You hear a shout! x2
The hobgoblin attacks as you move away!
The hobgoblin hits you but does no damage.
A giant cockroach comes into view.
A ball python comes into view.
Found 14 gold pieces.
The hobgoblin attacks as you move away! The hobgoblin barely misses you.
Found 5 stones and a scroll labelled OSUTHO HOCEMONG.
A kobold comes into view. It is wielding a +0 whip.
You see here 5 stones.
The hobgoblin attacks as you move away! The hobgoblin hits you.
You die...
Your body crumbles into a pile of gold.

###.##.######$###.##..###
#....# #....#.......
#...## #####..# #.###
##.# ###.# ###.#.###
....# #.S....$# ###.#
#.#####.# ###.# #g# ....#
#@# ##..# #..?# #..#
#.#.# #..# #K#.. ##..# #
##. ....# .. ##..######
.. ##......)# ..# $
.......#.#


You could see a hobgoblin, a ball python and a kobold (wandering).

Vanquished Creatures
  A worm (D:2)
  A dart slug (D:1)
  2 bats (D:1)
  4 endoplasms
  6 goblins
  6 hobgoblins
  3 jackals (D:1)
  3 kobolds (D:1)
  2 quokkas (D:2)
  4 ball pythons
  3 frilled lizards
  4 rats (D:1)
39 creatures vanquished.

Vanquished Creatures (others)
  60 foxfires
60 creatures vanquished.

Grand Total: 99 creatures vanquished

Notes
Turn   | Place    | Note
-------+----------+-------------------------------------------
     0 | D:1      | QBF the Gargoyle Fire Elementalist began the quest for the
                  | Orb.
     0 | D:1      | Reached XP level 1. HP: 10/10 MP: 3/3
   272 | D:1      | Reached XP level 2. HP: 13/15 MP: 1/5
   384 | D:1      | Learned a level 2 spell: Scorch
   606 | D:1      | Found a faded altar of an unknown god.
   619 | D:1      | Reached XP level 3. HP: 16/19 MP: 1/6
   696 | D:1      | Prayed at the altar of an unknown god.
   696 | D:1      | Became a worshipper of Gozag Ym Sagoz the Greedy
  1345 | D:2      | Reached skill level 4 in Fire Magic
  1380 | D:2      | Slain by a hobgoblin

Illustrated notes

Levels and vault maps discovered:
D:1:      dpeg_arrival_orchard, layout_loops_corners,
          hellmonk_ecumenical_altar_dog_temple, st_stairs_13
D:2:      layout_loops_ring, minmay_increasing_density, uniq_terence

Skill      XL: |  1  2  3 |
---------------+----------+-----
Fire Magic     | 4 |  4.0
Dodging        | |  1.6
Stealth        | |  2.3
Spellcasting   | |  2.6
Conjurations   | |  1.2

Action                   || total
-------------------------++-------
Melee: Dagger            ||    40
 Cast: Foxfire           ||    52
       Scorch            ||     6
  Use: Scroll            ||     4
       Potion            ||     1
 Stab: Sleeping          ||     1
Armor: Robe              ||    28
Dodge: Dodged            ||    32
